[Event "2nd Cambridge Open 2024"]
[Site "Cambridge"]
[Date "2024.02.24"]
[Round "8.32"]
[White "Mocic, Ivano"]
[Black "Sasikumar, Srivathsan"]
[Result "1-0"]
[ECO "D02"]
[WhiteElo "2008"]
[BlackElo "1696"]
[Annotator "RC"]
[PlyCount "49"]
[EventDate "2024.02.18"]
[EventType "swiss"]
[EventCountry "ENG"]
[SourceTitle "playchess.com"]
[Source "ChessBase"]
[SourceQuality "1"]
[TimeControl "5400+30"]

1. d4 Nf6 2. Nf3 d5 3. Bf4 c6 4. e3 Bf5 5. Bd3 Bg6 6. O-O e6 7. c4 Bd6 8. Bg3 Bxg3 9. hxg3 Nbd7 10. Nc3 O-O 11. Bxg6 hxg6 12. Qd3 Qc7 13. Rad1 Rad8 14. Qe2 Rfe8 15. Rfe1 dxc4 16. Qxc4 e5 17. e4 exd4 18. Rxd4 Ne5 19. Nxe5 Qxe5 20. Rdd1 Qh5 21. f3 Qg5 22. g4 Rd2 23. Rxd2 Qxd2 24. Qe2 Rd8 25. Rd1 1-0

[Event "2nd Cambridge Open 2024"]
[Site "Cambridge"]
[Date "2024.02.24"]
[Round "8.33"]
[White "Crocker, Philip J"]
[Black "Jefremov, Aivar"]
[Result "1-0"]
[ECO "A13"]
[WhiteElo "2137"]
[BlackElo "1656"]
[Annotator "RC"]
[PlyCount "75"]
[EventDate "2024.02.18"]
[EventType "swiss"]
[EventCountry "ENG"]
[SourceTitle "playchess.com"]
[Source "ChessBase"]
[SourceQuality "1"]
[TimeControl "5400+30"]

1. c4 e6 2. g3 Nf6 3. Bg2 d5 4. Nf3 dxc4 5. Qa4+ Nbd7 6. Qxc4 c5 7. d3 Nb6 8. Qb3 Qc7 9. Nc3 Bd7 10. O-O Bd6 11. Nb5 Bxb5 12. Qxb5+ Qd7 13. Qa5 O-O 14. b3 Qc7 15. Ba3 Nbd7 16. Qxc7 Bxc7 17. Rac1 b6 18. d4 Bd6 19. Ne5 Rac8 20. Nc6 Rc7 21. dxc5 Bxc5 22. b4 Nd5 23. Bxd5 exd5 24. Ne7+ Bxe7 25. Rxc7 Rd8 26. Rxa7 Bf6 27. Rc1 Ne5 28. Bb2 Nf3+ 29. exf3 Bxb2 30. Rd7 Re8 31. Rb1 Bf6 32. Rxd5 Re2 33. Rbd1 h6 34. R5d2 Re7 35. Rc2 Ra7 36. Rd6 b5 37. Rb6 Ra3 38. Kg2 1-0

[Event "2nd Cambridge Open 2024"]
[Site "Cambridge"]
[Date "2024.02.24"]
[Round "8.34"]
[White "Hebden, Mark L"]
[Black "Mata, Adilson"]
[Result "1-0"]
[ECO "A07"]
[WhiteElo "2416"]
[BlackElo "1924"]
[Annotator "TA"]
[PlyCount "109"]
[EventDate "2024.02.18"]
[EventType "swiss"]
[EventCountry "ENG"]
[SourceTitle "playchess.com"]
[Source "ChessBase"]
[SourceQuality "1"]
[TimeControl "5400+30"]

1. Nf3 d5 2. g3 Nf6 3. Bg2 e6 4. O-O Be7 5. d3 O-O 6. Nbd2 b6 7. e4 dxe4 8. dxe4 Ba6 9. Re1 Qc8 10. c3 Rd8 {[%emt 0:02:00] White has an edge.} 11. e5 Nfd7 12. b4 Nf8 13. a4 Bb7 14. Qe2 a5 (14... Nbd7 $11 {should be considered.}) 15. b5 $14 Ng6 16. h4 Bf8 17. Nc4 ({White should play} 17. h5 Ne7 18. Ba3) 17... Nd7 18. h5 Ne7 19. Bg5 h6 20. Bh4 Nc5 21. Nd4 Bxg2 22. Kxg2 Rd7 23. Bxe7 Bxe7 24. Nc6 Qe8 25. Red1 Rxd1 26. Qxd1 (26. Rxd1 Nxa4 27. Qf3 Bf8 $15) 26... Nb7 27. Qf3 $36 {[%emt 0:01:44][%mdl 2048] [#] Black must now prevent Nxe7+. White is really pushing. White is much more active.} Bc5 (27... Bg5 $16) 28. Rd1 Bf8 29. Rd4 (29. Nd2 $18) 29... Nc5 (29... Kh8 $16 30. Rh4 Bc5) 30. Nd2 $18 Rc8 31. Ne4 Nxe4 32. Qxe4 Bc5 {[%emt 0:00:57] Black is weak on the light squares} 33. Rd3 Kh8 34. Qf3 Kg8 35. Qd1 Kf8 (35... Ra8 $142 36. c4 (36. Rd7 Bd6 $18) 36... Kh7) 36. f4 Kg8 (36... Be7 $142 37. g4 (37. Rd7 Bd6 $16) 37... f6) 37. g4 Bf8 38. Qf3 Be7 39. Kf1 Bc5 (39... f6 $142 40. f5 Bf8) 40. Ke2 Bf8 (40... Be7 $142 41. Rd1 Bc5) 41. Kd1 Bc5 42. Kc2 Bf8 (42... Kh8 {was called for.} 43. g5 g6 44. hxg6 (44. gxh6 Qg8 $18) 44... fxg6 45. gxh6 Qf7) 43. f5 Bc5 (43... f6 {might work better.} 44. Re3 Qf7 45. fxe6 (45. exf6 exf5 46. Qxf5 Re8 $18) 45... Qxe6) 44. f6 {[%emt 0:00:28] White is clearly winning.} Bf8 (44... Qf8 $142 45. Rd7 Re8 46. Rxc7 gxf6 47. Qxf6 Qg7 48. Qxg7+ Kxg7 49. Nxa5 Ra8) 45. Qf4 Kh7 46. g5 hxg5 47. Qxg5 gxf6 48. exf6 Bh6 49. Qe5 {[%emt 0:00:13] [#] Qe4+ is the strong threat.} Qg8 50. Rg3 Qf8 51. Ne7 Rd8 52. Rg8 Qxg8 53. Nxg8 Rd2+ 54. Kb3 {[%emt 0:00:19] Intending Nxh6 and mate.} Kxg8 55. Qg3+ {[%emt 0:00:37] Weighted Error Value: White=0.22 (precise) /Black=0.36.  Mistake:       	White=2     	Black=10     Inaccurate:     	White=3     	Black=7      OK:         	White=12    	Black=4      Best:        	White=3     	Black=2} 1-0

[Event "2nd Cambridge Open 2024"]
[Site "Cambridge"]
[Date "2024.02.24"]
[Round "8.35"]
[White "Simpson, Ben"]
[Black "Bradbury, Neil H"]
[Result "0-1"]
[ECO "E49"]
[WhiteElo "1873"]
[BlackElo "2217"]
[Annotator "RC"]
[PlyCount "86"]
[EventDate "2024.02.18"]
[EventType "swiss"]
[EventCountry "ENG"]
[SourceTitle "playchess.com"]
[Source "ChessBase"]
[SourceQuality "1"]
[TimeControl "5400+30"]

1. d4 Nf6 2. c4 e6 3. Nc3 Bb4 4. e3 O-O 5. Bd3 d5 6. a3 Bxc3+ 7. bxc3 dxc4 8. Bxc4 c5 9. Ne2 Qc7 10. Bd3 e5 11. dxe5 Qxe5 12. O-O Nc6 13. f4 Qe7 14. Qc2 Rd8 15. Ng3 h5 16. h3 Na5 17. c4 h4 18. Nh1 Nh5 19. Nf2 b6 20. Qc3 Bb7 21. Bb2 f6 22. Bb1 Ng3 23. Qc2 f5 24. Re1 Rd7 25. Be5 Rad8 26. Ra2 Qf7 27. e4 Nxe4 28. Nxe4 fxe4 29. Rxe4 Rd1+ 30. Kh2 Rxb1 31. Qxb1 Bxe4 32. Qxe4 Nxc4 33. Re2 Re8 34. a4 Nd6 35. Qc6 Nf5 36. Rd2 Nd4 37. Bxd4 Qxf4+ 38. Kh1 Re1+ 39. Bg1 Qxd2 40. Qc8+ Kh7 41. Qf5+ Kh6 42. Kh2 Qd6+ 43. Kh1 Qd4 0-1

[Event "2nd Cambridge Open 2024"]
[Site "Cambridge"]
[Date "2024.02.24"]
[Round "8.36"]
[White "Wheatley, Wilfred"]
[Black "Mihalik, Agoston"]
[Result "0-1"]
[ECO "B22"]
[WhiteElo "1864"]
[BlackElo "2146"]
[Annotator "RC"]
[PlyCount "118"]
[EventDate "2024.02.18"]
[EventType "swiss"]
[EventCountry "ENG"]
[SourceTitle "playchess.com"]
[Source "ChessBase"]
[SourceQuality "1"]
[TimeControl "5400+30"]

1. e4 c5 2. c3 d5 3. exd5 Qxd5 4. d4 e6 5. Nf3 Nf6 6. Be2 Nc6 7. Na3 cxd4 8. Nb5 Qd8 9. Nbxd4 Qb6 10. O-O Bc5 11. Nxc6 bxc6 12. b4 Be7 13. Ne5 O-O 14. Be3 Qc7 15. Nd3 Nd5 16. Bd4 Bd6 17. c4 Nxb4 18. Nxb4 Bxb4 19. Qc1 e5 20. Be3 Be7 21. c5 Be6 22. f4 Bd5 23. f5 f6 24. Qe1 Rab8 25. Qc3 a5 26. h4 Rb4 27. h5 h6 28. Rfc1 Rfb8 29. Bd2 Bf8 30. a3 Rb2 31. Bf1 Qd7 32. Rc2 R2b3 33. Qxa5 Qxf5 34. Rac1 Qe4 35. Bb4 Qd4+ 36. Kh2 Qh4+ 37. Kg1 Qxh5 38. Bc4 Bxc4 39. Rxc4 Rc8 40. Qa4 Rd3 41. Qc2 Rcd8 42. Rf1 Qg5 43. Re4 Kh8 44. Qc4 R3d4 45. Qe2 Qg6 46. Rxd4 exd4 47. Qf3 Qe8 48. Rd1 Qd7 49. Rd3 Qd5 50. Qh3 Bxc5 51. Bd2 Bf8 52. a4 c5 53. Rg3 Qd7 54. Qh5 c4 55. Qg6 Qe8 56. Qf5 Bd6 57. Rg6 c3 58. Rxf6 gxf6 59. Qxf6+ Kg8 0-1

[Event "2nd Cambridge Open 2024"]
[Site "Cambridge"]
[Date "2024.02.24"]
[Round "8.37"]
[White "Lazarus, Simon E"]
[Black "Ismail, Mohammed Aayan"]
[Result "1-0"]
[ECO "D30"]
[WhiteElo "1845"]
[BlackElo "2115"]
[Annotator "RC"]
[PlyCount "83"]
[EventDate "2024.02.18"]
[EventType "swiss"]
[EventCountry "ENG"]
[SourceTitle "playchess.com"]
[Source "ChessBase"]
[SourceQuality "1"]
[TimeControl "5400+30"]

1. Nf3 Nf6 2. c4 e6 3. d4 d5 4. Bg5 Bb4+ 5. Nbd2 O-O 6. e3 b6 7. cxd5 exd5 8. Bd3 Bb7 9. O-O h6 10. Bf4 Bd6 11. Bxd6 Qxd6 12. Rc1 c5 13. dxc5 bxc5 14. Nc4 Qe7 15. Na5 Ba6 16. Bxa6 Nxa6 17. Qe2 c4 18. Nc6 Qb7 19. Ncd4 Rac8 20. b3 cxb3 21. Nxb3 Ne4 22. Nfd4 Nb4 23. a3 Nc6 24. Rxc6 Rxc6 25. Na5 Qa6 26. Naxc6 Qxa3 27. Nb5 Qc5 28. Nbxa7 Ra8 29. Qb5 Qd6 30. Qb7 Re8 31. Qb4 Qf6 32. Qd4 Qf5 33. Nb4 Nf6 34. Qd3 Qd7 35. Nac6 Qd6 36. h3 Re4 37. Ra1 g6 38. Qb5 Kg7 39. Nd4 Qe5 40. Nbc2 g5 41. f3 Rh4 42. Qd3 1-0

[Event "2nd Cambridge Open 2024"]
[Site "Cambridge"]
[Date "2024.02.24"]
[Round "8.38"]
[White "Bharat Kumar, Balahari"]
[Black "Cole, James"]
[Result "0-1"]
[ECO "D97"]
[WhiteElo "1995"]
[BlackElo "1940"]
[Annotator "RC"]
[PlyCount "52"]
[EventDate "2024.02.18"]
[EventType "swiss"]
[EventCountry "ENG"]
[SourceTitle "playchess.com"]
[Source "ChessBase"]
[SourceQuality "1"]
[TimeControl "5400+30"]

1. d4 Nf6 2. c4 g6 3. Nc3 d5 4. Nf3 Bg7 5. Qb3 dxc4 6. Qxc4 a6 7. e4 O-O 8. e5 b5 9. Qb3 Nfd7 10. e6 fxe6 11. Qxe6+ Kh8 12. Qe4 Nb6 13. Bg5 Bf5 14. Qh4 Nc6 15. Be2 b4 16. Ne4 Qd5 17. Ng3 Nxd4 18. Rd1 Nxf3+ 19. gxf3 Qxa2 20. Bxe7 Qxb2 21. Bxb4 g5 22. Bxf8 Bc3+ 23. Kf1 gxh4 24. Nxf5 Rxf8 25. Rg1 a5 26. Nh6 Bg7 0-1

[Event "2nd Cambridge Open 2024"]
[Site "Cambridge"]
[Date "2024.02.24"]
[Round "8.39"]
[White "Asgarova, Turan"]
[Black "Gardiner, Eric D"]
[Result "1-0"]
[ECO "B13"]
[WhiteElo "1988"]
[BlackElo "1837"]
[Annotator "RC"]
[PlyCount "55"]
[EventDate "2024.02.18"]
[EventType "swiss"]
[EventCountry "ENG"]
[SourceTitle "playchess.com"]
[Source "ChessBase"]
[SourceQuality "1"]
[TimeControl "5400+30"]

1. e4 c6 2. d4 d5 3. exd5 cxd5 4. Bd3 Nc6 5. c3 Nf6 6. Nf3 Bg4 7. O-O e6 8. h3 Bh5 9. Re1 Bd6 10. Nbd2 Qc7 11. Nf1 O-O-O 12. Be3 Bg6 13. b4 Ne4 14. Rc1 Kb8 15. a3 f5 16. c4 f4 17. cxd5 exd5 18. b5 fxe3 19. Rxe3 Bf4 20. bxc6 Bxe3 21. Nxe3 bxc6 22. Ne5 c5 23. Nxg6 hxg6 24. Nxd5 Rxd5 25. Qb3+ Qb7 26. Qxb7+ Kxb7 27. Bxe4 Kc6 28. Rxc5+ 1-0

[Event "2nd Cambridge Open 2024"]
[Site "Cambridge"]
[Date "2024.02.24"]
[Round "8.40"]
[White "Hagesather, Nina"]
[Black "Yu, Rock"]
[Result "0-1"]
[ECO "A41"]
[WhiteElo "1973"]
[BlackElo "1767"]
[Annotator "RC"]
[PlyCount "106"]
[EventDate "2024.02.18"]
[EventType "swiss"]
[EventCountry "ENG"]
[SourceTitle "playchess.com"]
[Source "ChessBase"]
[SourceQuality "1"]
[TimeControl "5400+30"]

1. d4 d6 2. c4 e5 3. dxe5 dxe5 4. Qxd8+ Kxd8 5. Nc3 Be6 6. b3 c6 7. Bb2 Nd7 8. Nf3 f6 9. e3 Kc7 10. Be2 g5 11. h3 Ne7 12. O-O-O Ng6 13. g4 Be7 14. Ne4 a5 15. Nfd2 a4 16. Kc2 Rhd8 17. Nb1 Nh4 18. Nbc3 axb3+ 19. axb3 Bf7 20. Ra1 Rxa1 21. Rxa1 Bg6 22. Bd3 Nb8 23. Rd1 Na6 24. Kc1 Bb4 25. Bc2 Rf8 26. Ng3 Be7 27. Nce4 Nb8 28. Kd2 Nd7 29. Ke2 f5 30. gxf5 Nxf5 31. Rc1 h5 32. Bd3 h4 33. Nf1 Bh5+ 34. Kd2 Nd6 35. Ke1 Bf3 36. Nxd6 Bxd6 37. Be2 Bg2 38. Bg4 Nc5 39. Rb1 Nd3+ 40. Ke2 e4 41. f4 gxf4 42. exf4 Nxf4+ 43. Ke3 Nxh3 44. Nd2 Nf2 45. Be6 h3 46. Bg7 Re8 47. Kxf2 Bc5+ 48. Ke2 Rxe6 49. Nf1 Bf3+ 50. Ke1 e3 51. Bc3 Bd6 52. c5 Bf4 53. Rb2 e2 0-1